Map: Cerulean Fall LE

Players

Serral - Winner!

  • Race: Zerg Zerg
  • Spawn Location: 1:00

Dark

  • Race: Zerg Zerg
  • Spawn Location: 7:00

Event: 2018 WCS Global Finals

VOD

Have the link to the VOD?

Description

Time

  • Played on: Nov. 2, 2018, 8:38 p.m.
  • Length: 23:56

All games in this series

Show
View Real Time Build Order
Export as new Build Order

Serral Zerg - Winner!

Build Orders: Hatch First, Lurkers 

Get SALT Encoding   

  12  0:00  Drone  
  13  0:11  Overlord  
  13  0:17  Drone  
  14  0:30  Drone x2  
  16  0:48  Hatchery  
  15  0:51  Drone  
  15  0:55  Drone  
  17  0:58  Drone  
  18  1:09  Extractor  
  17  1:13  Spawning Pool  
  17  1:16  Drone  
  17  1:19  Drone  
  18  1:27  Drone  
  19  1:38  Drone  
  20  1:48  Overlord  
  20  1:59  Queen x2  
  20  2:00  Drone x2  
  26  2:09  Metabolic Boost  
  26  2:11  Drone  
  26  2:12  Drone  
  28  2:22  Drone x2  
  30  2:33  Hatchery  
  30  2:35  Zergling x2  
  30  2:37  Zergling x2  
  31  2:47  Queen  
  33  2:51  Overlord  
  33  2:53  Drone x2  
  33  2:56  Zergling x2  
  36  3:03  Overlord  
  36  3:22  Drone x7  
  43  3:33  Drone  
  44  3:35  Overlord  
  44  3:39  Evolution Chamber  
  44  3:40  Drone, Roach Warren  
  43  3:44  Drone, Overlord  
  43  3:46  Drone x3  
  47  3:53  Drone  
  47  3:54  Extractor x2  
  46  3:56  Drone  
  46  3:57  Drone x4  
  51  4:07  Overlord  
  51  4:08  Drone x2  
  53  4:18  Overlord  
  53  4:20  Roach x2  
  57  4:26  Roach x2  
  63  4:31  Zergling x2, Roach x4  
  63  4:35  Zergling x2, Roach  
  63  4:37  Roach x2  
  77  4:44  Overlord  
  75  4:49  Overlord  
  71  4:54  Zergling x2, Roach  
  68  5:07  Lair  
  68  5:09  Drone  
  68  5:10  Drone x3  
  68  5:11  Overlord  
  68  5:12  Drone  
  73  5:19  Drone  
  73  5:20  Drone x2  
  73  5:21  Roach  
  77  5:28  Drone  
  77  5:29  Drone, Roach  
  77  5:33  Drone  
  77  5:34  Roach x2  
  86  5:40  Pneumatized Carapace  
  86  5:42  Drone x2  
  88  5:43  Drone  
  88  5:48  Overlord  
  88  5:49  Overlord, Roach x2  
  93  5:53  Roach x2  
  97  5:59  Queen  
  97  6:01  Zerg Missile Weapons Level 1  
  97  6:04  Glial Reconstitution  
  98  6:07  Overseer  
  98  6:11  Overlord  
  98  6:15  Overlord  
  98  6:26  Overlord x3  
  98  6:29  Queen  
  98  6:30  Drone, Queen  
  98  6:31  Drone x3  
  106  6:34  Drone x3  
  106  6:35  Drone  
  106  6:36  Overlord  
  106  6:39  Queen  
  112  6:43  Spore Crawler x2  
  112  6:45  Spore Crawler  
  112  6:46  Drone  
  110  6:50  Overlord  
  110  6:51  Drone  
  111  6:56  Evolution Chamber, Overseer  
  111  7:00  Extractor  
  110  7:01  Extractor  
  110  7:02  Drone x4  
  110  7:05  Overlord  
  113  7:12  Drone x2, Unknown  
  115  7:16  Overlord  
  115  7:17  Hydralisk Den  
  115  7:18  Extractor  
  115  7:19  Drone x2  
  115  7:25  Overlord  
  115  7:29  Zerg Ground Armor Level 1  
  115  7:32  Drone x2  
  115  7:33  Drone x2  
  115  7:35  Overlord  
  117  7:39  Extractor, Overlord  
  117  7:41  Drone x5  
  117  7:42  Drone x2  
  117  7:43  Overlord  
  123  7:50  Spore Crawler, Lurker Den  
  123  7:51  Overlord  
  121  7:52  Overlord  
  121  7:56  Spore Crawler  
  121  8:02  Hatchery  
  120  8:14  Zerg Missile Weapons Level 2, Overseer  
  120  8:15  Roach  
  120  8:16  Roach x5  
  120  8:17  Unknown  
  136  8:20  Roach x2  
  136  8:21  Ravager x2  
  136  8:22  Ravager x2  
  140  8:32  Drone  
  140  8:36  Overlord  
  140  8:43  Muscular Augments  
  140  8:44  Hydralisk x5  
  140  8:45  Hydralisk  
  140  8:46  Roach  
  154  8:56  Roach  
  154  8:57  Roach x4  
  164  9:16  Lurker x5  
  169  9:19  Unknown  
  169  9:21  Spore Crawler  
  169  9:23  Overlord x2  
  168  9:24  Lurker  
  168  9:25  Roach x4  
  177  9:33  Drone x3  
  177  9:35  Drone, Extractor  
  177  9:36  Drone, Extractor  
  180  9:39  Spine Crawler  
  180  9:45  Hydralisk x5  
  179  9:46  Spore Crawler  
  188  9:56  Spore Crawler  
  188  9:57  Infestation Pit  
  184  10:02  Unknown  
  184  10:05  Hydralisk x4  
  192  10:08  Grooved Spines  
  192  10:11  Roach x4  
  200  10:17  Burrow  
  200  10:21  Unknown  
  200  10:33  Roach x2  
  193  10:41  Roach x11  
  193  10:50  Hive  
  181  10:58  Drone, Unknown  
  181  10:59  Drone  
  181  11:00  Lurker x4  
  181  11:04  Hydralisk  
  187  11:05  Roach x4  
  195  11:12  Roach x4  
  195  11:13  Unknown  
  200  11:21  Unknown x2  
  200  11:24  Roach  
  200  11:39  Overlord  
  200  11:43  Overlord  
  194  11:50  Hydralisk x3  
  196  11:56  Hydralisk x2  
  196  11:57  Roach x4  
  200  12:02  Hydralisk x2  
  200  12:05  Zerg Missile Weapons Level 3, Zerg Ground Armor Level 2  
  200  12:08  Unknown, Roach x5  
  197  12:14  Hydralisk  
  199  12:22  Adaptive Talons  
  188  12:26  Lurker x3, Roach x6  
  194  12:32  Roach x3  
  200  12:54  Unknown x3  
  200  13:02  Tunneling Claws  
  200  13:10  Unknown  
  200  13:14  Overseer  
  200  13:16  Roach x4  
  200  13:18  Roach x4  
  200  13:21  Roach x27  
  200  13:30  Hatchery  
  193  13:44  Roach x2  
  193  13:45  Lurker x4  
  193  13:47  Hydralisk x3  
  199  13:52  Lurker x2  
  199  13:53  Unknown  
  199  13:54  Unknown  
  197  14:05  Overlord  
  194  14:13  Hydralisk x11  
  194  14:14  Hydralisk x2, Roach x11  
  194  14:19  Hydralisk x11  
  189  14:28  Roach x5  
  199  14:44  Overseer  
  199  14:50  Drone  
  200  14:54  Roach  
  200  14:55  Roach  
  200  14:57  Overlord  
  200  14:58  Unknown x2  
  198  15:12  Overseer  
  198  15:15  Overseer x2  
  198  15:19  Viper  
  195  15:30  Roach x9  
  195  15:34  Viper x2  
  195  15:35  Drone  
  191  15:44  Hydralisk x2  
  191  15:45  Roach x5  
  191  15:47  Hydralisk x4  
  200  15:50  Roach x3  
  191  16:03  Viper x2  
  177  16:07  Hydralisk x9  
  177  16:10  Hydralisk x2  
  177  16:11  Roach x11  
  193  16:17  Hydralisk x3, Swarm Host  
  193  16:18  Roach x2  
  190  16:22  Extractor  
  190  16:23  Drone x2, Extractor  
  190  16:24  Drone x4  
  194  16:28  Overseer x3  
  194  16:31  Unknown  
  194  16:52  Lurker x5  
  196  16:55  Overseer  
  196  16:57  Roach x6  
  196  16:58  Unknown  
  196  17:00  Spine Crawler, Roach x2  
  196  17:01  Spine Crawler x3  
  193  17:04  Roach x4  
  200  17:09  Spine Crawler, Overseer  
  200  17:10  Spine Crawler  
  200  17:11  Drone x2  
  200  17:13  Roach x6  
  200  17:27  Unknown x4  
  200  17:41  Extractor  
  171  17:58  Roach  
  171  17:59  Roach x2  
  171  18:00  Hydralisk x12, Roach x3  
  195  18:08  Viper  
  198  18:13  Overseer  
  198  18:17  Zerg Ground Armor Level 3  
  194  18:30  Viper x2  
  200  18:37  Overlord x2  
  200  18:43  Hatchery  
  199  18:50  Drone, Roach x6  
  199  18:51  Unknown  
  199  18:53  Spine Crawler  
  199  18:56  Spine Crawler  
  199  18:57  Roach x4  
  199  19:00  Roach x6  
  199  19:02  Hydralisk  
  200  19:11  Overlord x2  
  200  19:23  Roach x2  
  194  19:24  Roach  
  194  19:25  Roach x2  
  194  19:28  Hydralisk x3  
  200  19:37  Unknown  
  200  19:38  Unknown x2  
  200  19:39  Unknown, Roach  
  200  19:40  Roach x3  
  200  19:47  Viper x2  
  198  19:58  Unknown x3, Roach x2  
  188  20:03  Hydralisk x7  
  188  20:05  Roach  
  200  20:11  Overseer  
  200  20:14  Extractor  
  195  20:22  Extractor  
  192  20:30  Hydralisk x5  
  192  20:34  Overseer  
  200  20:44  Overseer  
  200  20:47  Roach  
  200  20:50  Unknown, Roach x2  
  200  20:51  Roach  
  200  20:55  Unknown  
  199  21:02  Viper x4  
  197  21:07  Viper  
  200  21:16  Hydralisk x2  
  198  21:19  Hydralisk  
  195  21:26  Hydralisk x3  
  195  21:32  Lurker x5  
  196  21:45  Unknown  
  183  21:48  Hydralisk x8  
  199  21:58  Overlord  
  199  22:00  Unknown x2  
  191  22:04  Hatchery  
  191  22:05  Hatchery  
  189  22:10  Hatchery  
  182  22:30  Hydralisk x10  
  182  22:31  Unknown  
  182  22:33  Lurker x2  
  200  22:50  Extractor  
  199  22:52  Extractor  
  192  23:01  Unknown  
  192  23:03  Drone, Hydralisk  
  192  23:04  Hydralisk x2  
  199  23:13  Unknown  
  199  23:17  Extractor  
  199  23:18  Overlord  
  199  23:19  Extractor  
  197  23:25  Hydralisk  
  199  23:32  Spore Crawler  
  189  23:40  Unknown x2  
Show
View Real Time Build Order
Export as new Build Order

Dark Zerg 

Build Orders: Hatch First, Lurkers, Roach Nydus 

Get SALT Encoding   

  12  0:00  Drone  
  13  0:13  Overlord  
  13  0:17  Drone  
  14  0:31  Drone x2  
  16  0:49  Hatchery  
  15  0:53  Drone  
  15  0:55  Drone  
  17  0:58  Drone  
  18  1:12  Spawning Pool  
  18  1:13  Extractor  
  18  1:16  Drone  
  17  1:20  Drone  
  18  1:28  Drone  
  19  1:40  Drone  
  20  1:51  Overlord  
  20  1:58  Queen  
  20  2:00  Queen  
  24  2:02  Drone x2  
  26  2:11  Drone  
  26  2:13  Drone  
  28  2:23  Drone  
  29  2:30  Overlord  
  29  2:35  Lair  
  29  2:36  Queen  
  31  2:38  Zergling x2  
  31  2:39  Drone  
  33  2:45  Drone  
  33  2:46  Drone  
  35  3:02  Drone x2  
  37  3:07  Evolution Chamber  
  37  3:08  Drone x2, Roach Warren  
  37  3:09  Drone x2  
  37  3:12  Drone  
  40  3:24  Evolution Chamber  
  39  3:29  Drone x2, Overlord  
  39  3:30  Drone  
  39  3:32  Extractor  
  40  3:34  Extractor  
  40  3:36  Nydus Network  
  40  3:40  Overlord  
  38  3:49  Roach x2  
  38  3:51  Drone  
  38  3:52  Overlord  
  38  3:53  Overlord  
  43  4:00  Roach x2  
  47  4:07  Roach  
  51  4:15  Nydus Canal  
  49  4:18  Roach  
  49  4:19  Queen  
  49  4:21  Roach  
  55  4:24  Roach  
  57  4:33  Overlord, Roach x2  
  61  4:41  Roach  
  61  4:43  Roach x2  
  67  4:48  Queen  
  65  4:59  Drone x2  
  63  5:01  Drone  
  63  5:03  Drone x3  
  57  5:10  Drone  
  57  5:12  Drone  
  59  5:17  Spire  
  58  5:22  Drone  
  58  5:25  Extractor  
  58  5:28  Zerg Missile Weapons Level 1, Glial Reconstitution  
  58  5:32  Drone x3  
  61  5:37  Overlord  
  61  5:38  Roach  
  61  5:40  Roach  
  65  5:45  Roach x2  
  69  5:58  Hatchery  
  69  6:01  Drone x2  
  70  6:08  Queen  
  70  6:10  Overlord  
  72  6:28  Mutalisk x4  
  72  6:30  Mutalisk  
  72  6:31  Drone  
  83  6:33  Drone  
  83  6:34  Drone  
  83  6:35  Drone x2  
  87  6:40  Drone x3  
  87  6:44  Drone  
  91  6:53  Drone, Overseer  
  92  6:55  Overlord  
  92  7:02  Overlord  
  92  7:03  Overlord  
  92  7:14  Drone x5  
  97  7:17  Drone x3  
  97  7:18  Drone  
  101  7:24  Zerg Missile Weapons Level 2  
  101  7:26  Drone x2  
  103  7:34  Roach x4  
  103  7:35  Extractor, Roach  
  103  7:36  Extractor  
  111  7:38  Zerg Ground Armor Level 1  
  111  7:39  Roach  
  111  7:40  Roach  
  111  7:43  Roach  
  117  7:45  Roach  
  119  7:53  Roach  
  119  7:54  Overlord x4  
  121  7:58  Overseer  
  121  8:04  Drone, Hatchery  
  121  8:05  Overlord x2  
  121  8:14  Roach x5  
  121  8:16  Overlord  
  131  8:20  Roach  
  131  8:24  Roach x3  
  139  8:36  Roach x6  
  139  8:38  Roach  
  151  8:46  Roach x4  
  151  8:47  Ravager x3  
  151  8:48  Ravager x2  
  164  8:49  Ravager x2  
  166  8:58  Overlord, Roach x3  
  172  9:04  Roach x3  
  178  9:14  Overlord x3  
  178  9:17  Drone x6  
  179  9:20  Queen  
  179  9:22  Ravager x3  
  179  9:23  Ravager  
  190  9:26  Ravager x2  
  192  9:32  Roach x3  
  192  9:33  Roach  
  200  9:46  Overseer  
  200  9:47  Pneumatized Carapace  
  200  9:57  Extractor x2  
  198  10:01  Roach  
  200  10:31  Roach  
  200  10:35  Roach x9  
  200  10:37  Roach x2  
  200  10:39  Roach  
  200  10:40  Roach x6  
  200  10:41  Roach  
  192  10:45  Roach  
  192  10:46  Roach x7  
  194  10:51  Roach  
  194  10:54  Roach x2  
  194  10:56  Roach x2  
  196  10:59  Ravager x2  
  196  11:00  Roach  
  200  11:07  Zerg Ground Armor Level 2  
  198  11:12  Hydralisk Den, Roach  
  198  11:13  Infestation Pit  
  198  11:14  Roach  
  194  11:19  Roach x4  
  200  11:47  Roach x2  
  200  11:48  Overseer x2  
  200  11:52  Roach x2  
  196  11:54  Roach x2  
  196  11:55  Ravager x2  
  196  11:56  Roach x3  
  200  12:04  Hive  
  200  12:07  Lurker Den  
  191  12:10  Roach x5  
  196  12:20  Roach x2  
  195  12:23  Drone x4  
  195  12:25  Drone  
  200  12:35  Overseer  
  198  12:39  Hydralisk  
  200  12:54  Overseer  
  200  12:55  Hatchery  
  199  13:22  Muscular Augments  
  199  13:27  Zerg Missile Weapons Level 3, Zerg Ground Armor Level 3  
  195  13:34  Adaptive Talons  
  195  13:35  Hydralisk x3  
  195  13:38  Overseer  
  199  13:49  Lurker  
  199  13:52  Spine Crawler  
  199  14:05  Drone x2, Spine Crawler  
  198  14:10  Hydralisk x2  
  198  14:11  Hydralisk x3  
  198  14:12  Lurker x2  
  198  14:13  Lurker  
  181  14:18  Hydralisk x5  
  181  14:20  Roach x3, Viper x3  
  189  14:29  Hydralisk  
  189  14:31  Drone x7  
  188  14:33  Grooved Spines  
  188  14:38  Drone x2, Spore Crawler  
  192  14:40  Spine Crawler  
  192  14:42  Lurker x4  
  197  14:48  Lurker x3  
  200  14:55  Hydralisk x5  
  196  15:00  Overseer  
  196  15:03  Lurker, Hydralisk  
  196  15:04  Overlord x2  
  191  15:20  Drone  
  189  15:23  Lurker x2  
  189  15:24  Lurker  
  189  15:26  Hydralisk x5  
  175  15:50  Hydralisk x4  
  175  15:54  Hydralisk x3  
  175  15:55  Hydralisk  
  180  15:58  Hydralisk  
  160  16:07  Hatchery  
  160  16:10  Hydralisk x3  
  160  16:11  Hydralisk x3  
  147  16:12  Roach  
  140  16:23  Lurker  
  141  16:30  Hydralisk x2  
  141  16:31  Hydralisk  
  147  16:33  Roach  
  147  16:37  Roach  
  147  16:38  Drone  
  147  16:39  Drone x2  
  154  16:51  Lurker  
  154  16:54  Lurker  
  156  16:58  Overseer, Overlord, Roach x4  
  164  17:02  Hatchery  
  163  17:13  Lurker x2  
  165  17:25  Roach x2  
  165  17:26  Roach x3  
  175  17:38  Overlord x2  
  175  17:39  Overlord x2  
  154  17:59  Viper x2  
  154  18:00  Hydralisk x4  
  154  18:04  Roach  
  172  18:05  Roach  
  172  18:10  Overseer  
  169  18:13  Roach  
  169  18:14  Roach  
  169  18:17  Roach x2  
  168  18:20  Roach  
  168  18:24  Roach x2  
  168  18:26  Roach  
  174  18:35  Roach x2  
  174  18:36  Hydralisk  
  174  18:37  Overseer  
  174  18:40  Roach  
  182  18:42  Hatchery, Roach  
  182  18:45  Roach  
  182  18:47  Roach  
  187  18:50  Overseer  
  187  18:51  Hydralisk  
  189  18:57  Roach x2  
  193  19:05  Hydralisk x2  
  193  19:08  Roach  
  199  19:24  Overseer  
  195  19:26  Hydralisk  
  195  19:29  Roach x2  
  200  19:39  Hatchery  
  199  19:50  Viper  
  199  20:04  Hydralisk x4  
  191  20:15  Roach  
  191  20:19  Hatchery  
  191  20:20  Roach  
  192  20:24  Roach x2  
  196  20:32  Roach x2  
  177  21:06  Hydralisk x5  
  177  21:08  Roach  
  177  21:10  Roach  
  149  21:26  Roach  
  149  21:27  Roach  
  149  21:29  Roach x2  
  149  21:31  Roach  
  159  21:33  Overseer  
  159  21:35  Drone x2  
  159  21:36  Roach  
  154  21:43  Roach  
  154  21:46  Drone x2  
  154  21:47  Drone x5  
  153  21:48  Overlord  
  153  21:52  Overlord x3  
  153  22:00  Drone  
  150  22:03  Overlord  
  150  22:24  Drone x5  
  150  22:25  Viper  
  154  22:31  Viper  
  154  22:35  Drone x2  
  159  22:38  Drone  
  160  22:56  Hydralisk x2  
  142  23:00  Roach  
  144  23:11  Hydralisk x2  
  148  23:14  Roach  
  148  23:16  Roach  
  148  23:18  Drone  
  153  23:23  Roach  
  155  23:31  Roach x2  
Tags
 
Add a new tag
Caveats
  • Supply blocks, unpowered buildings, or Contaminate may cause inaccurate times.
  • Supply counts are checked every 10 seconds.